 Dungeon Crawl Stone Soup version 0.27.1-37-g7b29ead8ac (console) character file.

Game seed: 15761043747007849281

30 grimtooth the Chucker (level 3, -1/21 HPs)
             Began as a Kobold Hunter on Apr 22, 2024.
             Slain by a quokka (4 damage)
             ... on level 2 of the Dungeon.
             The game lasted 00:04:15 (1835 turns).

grimtooth the Chucker (Kobold Hunter)               Turns: 1835, Time: 00:04:15

Health: -1/21      AC:  4    Str:  9    XL:     3   Next: 35%
Magic:  3/3        EV: 14    Int: 12    God:
Gold:   68         SH:  0    Dex: 16    Spells: 2/2 levels left

rFire    . . .     SeeInvis .   a - +0 short sword
rCold    . . .     Faith    .   (shield restricted)
rNeg     . . .     Spirit   .   b - +0 leather armour
rPois    .         Reflect  .   (no helmet)
rElec    .         Harm     .   (no cloak)
rCorr    .         Rampage  .   (no gloves)
Will     .....                  i - +0 pair of boots
Stlth    +++.......             (no amulet)
HPRegen  0.07/turn              (no ring)
MPRegen  0.08/turn              (no ring)

@: no status effects
A: small, no large weapons, nightstalker 3
a: no special abilities


You were on level 2 of the Dungeon.
You visited 1 branch of the dungeon, and saw 2 of its levels.

You collected 68 gold pieces.

Inventory:

Hand Weapons
 a - a +0 short sword (weapon)
Missiles
 c - 10 boomerangs (quivered)
 d - 2 throwing nets {=f}
 k - 26 sling bullets
Armour
 b - a +0 leather armour (worn)
 i - a +0 pair of boots (worn)
Magical Staves
 h - a staff of cold
Scrolls
 j - a scroll of enchant weapon {unknown}
Potions
 f - a potion of invisibility {unknown}
 g - a potion of brilliance {unknown}


   Skills:
 - Level 2.1 Fighting
 * Level 3.0 Short Blades
 - Level 4.3 Throwing
 - Level 2.4 Dodging
 + Level 2.6 Stealth


You had 2 spell levels left.
You didn't know any spells.
Your spell library contained the following spells:

 Spells                   Type           Power      Damage    Failure   Level
 Summon Lightning Spire   Summ/Air       0%         N/A       99%         4
 Storm Form               Tmut/Air       0%         N/A       100%        7
 Maxwell's Capacitive Co  Air            0%         ∞         100%        8


Dungeon Overview and Level Annotations

Branches:
Dungeon (2/15)

Altars:

Shops:
D:1 !


Innate Abilities, Weirdness & Mutations

You are small and have problems with some larger weapons.
You are completely attuned to the shadows.


Message History

The floor.
Unknown command.
You closely miss the jackal. The jackal bites you.
* * * LOW HITPOINT WARNING * * *
You hit the jackal.
The jackal is heavily wounded.
The jackal bites you.
* * * LOW HITPOINT WARNING * * *
You hit the jackal.
The jackal is severely wounded.
The jackal barely misses you. The jackal closely misses you.
You barely miss the jackal.
The jackal is severely wounded.
The jackal barely misses you.
It was a potion of curing.
You feel better. The jackal barely misses you.
The jackal bites you but does no damage.
You barely miss the jackal.
The jackal is heavily wounded.
The jackal bites you.
* * * LOW HITPOINT WARNING * * *
You hit the jackal but do no damage.
The jackal is heavily wounded.
The jackal bites you.
* * * LOW HITPOINT WARNING * * *
You hit the jackal.
The jackal is almost dead.
The jackal bites you but does no damage. x2
You hit the jackal.
You kill the jackal!
You closely miss the quokka. The quokka barely misses you.
You hit the quokka but do no damage. The quokka bites you.
* * * LOW HITPOINT WARNING * * *
You hit the quokka.
The quokka is severely wounded.
The quokka bites you but does no damage.
The quokka closely misses you.
You miss the quokka.
The quokka is severely wounded.
The quokka bites you.
You die...

#.# # #.#.# #.#.## #.....
#@#.# ###### #r#.#
#########
.....####†#.#####...)...##
.....h.........##.####....
..#.###...###.##.####....
#........).......##.....#
.....###.#...........#..##
#.#### #..#.##.##.........
.. #. #.##.######## ..# .#


You could see a quokka.

Vanquished Creatures
  2 dart slugs (D:1)
  4 bats
  2 endoplasms (D:1)
  2 giant cockroaches (D:1)
  A goblin (D:1)
  5 jackals
  A kobold (D:2)
  A quokka (D:1)
  A ball python (D:1)
  A frilled lizard (D:1)
  A rat (D:1)
21 creatures vanquished.

Notes
Turn   | Place    | Note
-------+----------+-------------------------------------------
     0 | D:1      | grimtooth the Kobold Hunter began the quest for the Orb.
     0 | D:1      | Reached XP level 1. HP: 12/12 MP: 1/1
   260 | D:1      | Reached skill level 1 in Short Blades
   630 | D:1      | Reached XP level 2. HP: 14/17 MP: 2/2
  1090 | D:1      | Found a faded altar of an unknown god.
  1135 | D:1      | Found Joru's Distillery.
  1256 | D:1      | Reached XP level 3. HP: 10/21 MP: 3/3
  1835 | D:2      | Slain by a quokka

Illustrated notes

Levels and vault maps discovered:
D:1:      minmay_arrival_glassed_features, layout_basic,
          shapermc_ecumenical_altar_mp_vishouse, serial_shops, shop,
          serial_bayou_lagoon_a, minmay_pentomino_x4
D:2:      layout_loops_cross

Skill      XL: |  1  2  3 |
---------------+----------+-----
Short Blades   | 1 2 3 |  3.0
Stealth        | 2 |  2.6
Fighting       | |  2.1
Throwing       | |  4.3
Dodging        | |  2.4

Action                   || total
-------------------------++-------
Melee: Short sword       ||   116
Throw: Boomerang         ||     2
  Use: Potion            ||     1
 Stab: Sleeping          ||     7
Armor: Leather armour    ||    35
Dodge: Dodged            ||    71
